 Dungeon Crawl Stone Soup version 0.13.0-6-g40e4d2d (webtiles) character file.

150 Piginabag the Fey Troll (level 3, -1/35 HPs)
             Began as a Troll Death Knight on Oct 14, 2013.
             Was a Believer of Yredelemnul.
             Killed from afar by Sigmund (2 damage)
             ... with a magic dart
             ... on Level 3 of the Dungeon.
             The game lasted 00:16:13 (1514 turns).

Piginabag the Fey Troll (Troll Death Knight)        Turns: 1514, Time: 00:16:13

HP  -1/35        AC  5     Str 21      XL: 3   Next: 26%
MP   4/4         EV 10     Int  7      God: Yredelemnul [**....]
Gold 111         SH  0     Dex 10      Spells:  0 memorised,  2 levels left

Res.Fire  : . . .   See Invis. : .   o - +0,+1 orc mace (drain)
Res.Cold  : . . .   Warding    : .   b - +0 robe
Life Prot.: . . .   Conserve   : .   (shield restricted)
Res.Poison: .       Res.Corr.  : .   (helmet restricted)
Res.Elec. : .       Clarity    : .   (no cloak)
Sust.Abil.: . .     Spirit.Shd : .   (gloves unavailable)
Res.Mut.  : .       Stasis     : .   (boots unavailable)
Res.Rott. : .       Flight     : .   (no amulet)
Gourmand  : +                        (no ring)
                                     (no ring)

@: not resistant to hostile enchantments, unstealthy
A: unfitting armour, claws 3, fast metabolism 3, gourmand, regeneration 2,
saprovore 2, tough skin 2, AC +1
a: Animate Remains, Recall Undead Slaves, Injury Mirror, Renounce Religion


You were on level 3 of the Dungeon.
You worshipped Yredelemnul.
Yredelemnul was pleased with you.
You were not hungry.

You visited 1 branch of the dungeon, and saw 3 of its levels.

You collected 91 gold pieces.

Inventory:

Hand weapons
 o - a +0,+1 orcish mace of draining (weapon)
Armour
 b - a +0 robe (worn)
Comestibles
 a - a meat ration
 h - 10 grapes
 k - 2 bananas
 l - a chunk of jackal flesh
 m - a rambutan
 q - a pear
Scrolls
 c - a scroll of teleportation {unknown}
 e - 2 scrolls of remove curse {unknown}
 i - a scroll of identify {unknown}
 p - a scroll of fog {unknown}
Potions
 d - a potion of curing {unknown}
 f - a potion of speed {unknown}
 g - a potion of confusion {unknown}
 j - 3 potions of heal wounds {unknown}


   Skills:
 + Level 2.0 Fighting
 + Level 0.3 Maces & Flails
 + Level 1.8 Dodging
 + Level 2.2 Unarmed Combat
 + Level 2.9 Invocations


You had 2 spell levels left.
You didn't know any spells.

Dungeon Overview and Level Annotations

Branches:
Dungeon (3/27)

Altars:

Annotations:
D:3 Sigmund


Innate Abilities, Weirdness & Mutations

You are too large for most types of armour.
You have claws for hands.
Your metabolism is lightning-fast.
You like to eat raw meat.
You heal very quickly.
You can eat rotten meat.
You are covered in fur (AC +1).
You have very tough skin (AC +2).


Message History

You miss it. It hits you but does no damage.
Ouch! You hear some strange, mumbled words.
The puff of flame hits you!
You hear some strange, mumbled words.
The puff of flame hits you!
* * * LOW HITPOINT WARNING * * *
You see here a goblin corpse.
Ouch! It hits you.
* * * LOW HITPOINT WARNING * * *
Ouch! It hits you but does no damage.
Ouch! You feel less confused. It hits you.
* * * LOW HITPOINT WARNING * * *
You see here a jackal corpse.
You hear some strange, mumbled words.
The magic dart hits you!
You die...
Your body rises from the dead as a mindless zombie.

#.. #.# #.# #.. ..# #.# #.#
#.# #.# ..#####.# #.#
#.......# #.# #.. #.......#
#.########.#
#.......########@...<.....#
#$..........(..%%########.#
#.......########%# #.#
.....{{.# #.# #.# #.......#
#.# #.# #.......# #.#
#.####### .......#
#.########.......< #####.#
#.........[####### #.#
#.########.#


There were no monsters in sight!

Vanquished Creatures
  3 giant geckos
  A bat (D:1)
  6 hobgoblins
  4 jackals (D:3)
  2 giant cockroaches (D:2)
  10 giant newts
  4 goblins
  4 kobolds
  4 rats (D:2)
38 creatures vanquished.

Notes
Turn   | Place    | Note
--------------------------------------------------------------
     0 | D:1      | Piginabag, the Troll Death Knight, began the quest for the Orb.
     0 | D:1      | Reached XP level 1. HP: 20/20 MP: 2/2
   392 | D:1      | Reached XP level 2. HP: 28/28 MP: 2/2
  1073 | D:2      | Acquired Yredelemnul's second power
  1243 | D:2      | Reached XP level 3. HP: 35/35 MP: 4/4
  1486 | D:3      | Noticed Sigmund
  1513 | D:3      | HP: 1/35 [something (4)]
  1514 | D:3      | Killed from afar by Sigmund

Action                   || total
-------------------------++-------
Melee: Dagger            ||    13
       Mace              ||    86
  Use: Potion            ||     1
